 Dungeon Crawl Stone Soup version 0.17.1-3-g152610e (webtiles) character file.

147 juanjsm the Sneak (level 5, -2/25 HPs)
             Began as a Spriggan Enchanter on Apr 6, 2016.
             Was an Initiate of Ashenzari.
             Slain by an orc wizard
             ... wielding a +0 dagger
              (3 damage)
             ... on level 4 of the Dungeon.
             The game lasted 00:17:08 (2472 turns).

juanjsm the Sneak (Spriggan Enchanter)              Turns: 2472, Time: 00:17:08

Health: -2/25      AC:  3    Str:  4    XL:     5   Next: 8%
Magic:  2/11       EV: 14    Int: 17    God:    Ashenzari [......]
Gold:   159        SH:  0    Dex: 17    Spells: 4 memorised, 1 level left

rFire  . . .     SeeInvis +     a - +1 dagger
rCold  . . .     Clarity  .     b - +1 robe
rNeg   . . .     SustAt   .     (shield restricted)
rPois  .         Gourm    .     (helmet restricted)
rElec  .         Spirit   .     (no cloak)
rCorr  .         Warding  .     (gloves unavailable)
rMut   .         Stasis   .     (boots unavailable)
MR     .....                    (no amulet)
Stlth  +++.......               (no ring)
                                (no ring)

@: very quick, not resistant to hostile enchantments, fairly stealthy
A: unfitting armour, see invisible, herbivore 3, speed 3, slow metabolism 2
a: Renounce Religion


You were on level 4 of the Dungeon.
You worshipped Ashenzari.
Ashenzari was noncommittal.
You were very hungry.

You visited 1 branch of the dungeon, and saw 4 of its levels.

You collected 159 gold pieces.

Inventory:

Hand Weapons
 a - a +1 dagger (weapon)
Armour
 b - a +1 robe (worn)
Wands
 o - a wand of polymorph (9)
Scrolls
 g - 4 scrolls of identify {unknown}
 h - 4 scrolls of enchant weapon {unknown}
 j - a scroll of fog {unknown}
 k - 3 scrolls of teleportation {unknown}
 l - a scroll of magic mapping {unknown}
 m - a scroll of immolation {unknown}
 n - a scroll of recharging {unknown}
 p - a scroll of random uselessness {unknown}
 q - a scroll of fear {unknown}
 s - a scroll of remove curse
 t - a scroll of enchant armour {unknown}
Potions
 e - a potion of might {unknown}
 f - a potion of curing {unknown}
 i - 2 potions of heal wounds {unknown}
 r - a potion of haste {unknown}
Books
 c - a book of Maledictions

   Spells                             Type                      Level
   a - Corona                         Hexes                        1
   b - Ensorcelled Hibernation        Hexes/Ice                    2
   c - Confuse                        Hexes                        3
   d - Tukima's Dance                 Hexes                        3
   e - Dazzling Spray                 Conjuration/Hexes            3
Comestibles
 d - 2 bread rations


   Skills:
 * Level 1.1 Fighting
 * Level 2.8 Short Blades
 + Level 3.6 Dodging
 + Level 5.4 Stealth
 + Level 3.4 Spellcasting
 + Level 4.4 Hexes
 + Level 0.2 Ice Magic


You had one spell level left.
You knew the following spells:

 Your Spells              Type           Power        Failure   Level  Hunger
a - Corona                Hex            ###....      2%          1    None
b - Ensorcelled Hibernat  Hex/Ice        ##....       12%         2    ##.....
c - Confuse               Hex            ###.....     10%         3    ###....
d - Dazzling Spray        Conj/Hex       ##......     21%         3    ###....


Dungeon Overview and Level Annotations

Branches:
Dungeon (4/15)
 Temple: D:4-7

Altars:
Ashenzari
Xom

Annotations:
D:2 Natasha


Innate Abilities, Weirdness & Mutations

You are tiny and cannot use many weapons and most armour.
You have supernaturally acute eyesight.
You are a herbivore.
You cover ground extremely quickly.
You need consume almost no food.


Message History

The orc wizard closely misses you.
You hit the orc wizard but do no damage.
The orc wizard casts a spell at you. The puff of frost hits you!
* * * LOW HITPOINT WARNING * * *
The orc wizard hits you with a dagger.
* * * LOW HITPOINT WARNING * * *
The orc wizard misses you.
The orc wizard points at you and mumbles some strange words.
The magic dart hits you!
* * * LOW HITPOINT WARNING * * *
The orc wizard misses you.
There is a stone staircase leading down here.
The orc wizard casts a spell at you. The puff of frost misses you.
The orc wizard barely misses you.
You climb downwards.
Found a shimmering altar of Xom.
Found an escape hatch in the floor.
There is a stone staircase leading up here.
The orc wizard hits you with a dagger.
You die...

#######
#.....#
+.....+
#.o.#
#..@#
.>.....o#
........+
........#
##.....##
#.^^^.
...^_^.
...^.^.


You could see 2 orc wizards.

Vanquished Creatures
  Robin (D:2)
  5 adders
  3 gnolls (D:3)
  3 worms (D:2)
  3 orcs (D:3)
  3 bats
  A giant cockroach (D:2)
  12 goblins
  7 hobgoblins
  2 jackals (D:1)
  3 ball pythons (D:2)
  A giant gecko (D:3)
  A giant newt (D:2)
  5 kobolds
  5 rats
55 creatures vanquished.

Notes
Turn   | Place    | Note
--------------------------------------------------------------
     0 | D:1      | juanjsm the Spriggan Enchanter began the quest for the Orb.
     0 | D:1      | Reached XP level 1. HP: 9/9 MP: 5/5
   345 | D:1      | Reached XP level 2. HP: 8/13 MP: 4/6
   349 | D:1      | Learned a level 2 spell: Ensorcelled Hibernation
   793 | D:2      | Reached XP level 3. HP: 16/16 MP: 5/8
   814 | D:2      | Learned a level 3 spell: Confuse
   878 | D:2      | Reached skill level 5 in Stealth
   883 | D:2      | Found a shattered altar of Ashenzari.
   887 | D:2      | Became a worshipper of Ashenzari the Shackled
   993 | D:2      | Reached XP level 4. HP: 14/21 MP: 0/9
  1358 | D:2      | Learned a level 3 spell: Dazzling Spray
  1655 | D:2      | Noticed Robin
  1662 | D:2      | Killed Robin
  1869 | D:2      | Noticed Natasha
  2192 | D:3      | Reached skill level 1 in Fighting
  2268 | D:3      | Reached XP level 5. HP: 25/25 MP: 1/11
  2468 | D:3      | HP: 1/25 [orc wizard/magic dart (4)]
  2471 | D:4      | Found a shimmering altar of Xom.
  2472 | D:4      | Slain by an orc wizard

Action                   |  1- 3 |  4- 6 || total
-------------------------+-------+-------++-------
Melee: Dagger            |    66 |    71 ||   137
 Cast: Corona            |     6 |     1 ||     7
       Ensorcelled Hiber |    16 |    27 ||    43
       Confuse           |       |     9 ||     9
 Stab: Sleeping          |    17 |    16 ||    33
       Confused          |       |     3 ||     3
  Eat: Pizza             |       |     1 ||     1
